TOP OF THE 1ST |
Vista Panthers batting - Pitching for Kalamazoo Royale with Cheese : RHP Enrique Aguilera
|
Pitching: RHP Enrique Aguilera
|
|
Batting: LHB Brent Alonzo
|
0-0: Ball 1-0: Fly out, F8 (Flyball, 8LD)
|
Batting: RHB Alfredo López
|
0-0: Called Strike 0-1: Called Strike 0-2: Fly out, F9 (Flyball, 89S)
|
Batting: SHB Mark Wells
|
0-0: Ball 1-0: Reached on error, E4 (Groundball, 4)
|
Batting: RHB John Mendelson
|
0-0: Called Strike 0-1: Foul Ball, location: 2F 0-2: Ball 1-2: Fly out, F8 (Flyball, 8LM)
|
Top of the 1st over - 0 run(s), 0 hit(s), 1 error(s), 1 left on base; Vista 0 - Kalamazoo 0 |
BOTTOM OF THE 1ST |
Kalamazoo Royale with Cheese batting - Pitching for Vista Panthers : RHP Dale Reese
|
Pitching: RHP Dale Reese
|
|
Batting: LHB David Richardson
|
0-0: Swinging Strike 0-1: SINGLE (Groundball, 4D)
|
Batting: RHB Miguel Encarnación
|
0-0: Ball 1-0: Ball 2-0: Called Strike 2-1: SINGLE (Flyball, 7S) David Richardson to second
|
Batting: LHB Al Mills
|
0-0: Called Strike 0-1: Ball 1-1: Foul Ball, location: 2F 1-2: Fly out, F3 (Popup, 34S)
|
Batting: LHB Bill McJannett
|
0-0: SINGLE (Line Drive, 78S) David Richardson to third Miguel Encarnación to second
|
Batting: RHB Run-ming Zhu
|
0-0: Called Strike 0-1: Fly out, F8 (Flyball, 8LM) Runner from 3rd tags up, SCORES, no throw
|
Batting: LHB Robinson Fernández
|
0-0: Swinging Strike 0-1: Ball 1-1: Fly out, F4 (Line Drive, 4)
|
Bottom of the 1st over - 1 run(s), 3 hit(s), 0 error(s), 2 left on base; Vista 0 - Kalamazoo 1 |
TOP OF THE 2ND |
Vista Panthers batting - Pitching for Kalamazoo Royale with Cheese : RHP Enrique Aguilera
|
Batting: RHB Cisco Gatán
|
0-0: Called Strike 0-1: SINGLE (Groundball, 6D)
|
Batting: LHB Patrick Osborne
|
0-0: Ball 1-0: Called Strike 1-1: Foul Ball, location: 2F 1-2: Foul Ball, location: 2F 1-2: Ball 2-2: Strikes out swinging
|
Batting: RHB Luis Martínez
|
0-0: Ball 1-0: Fly out, F6 (Line Drive, 6)
|
Batting: RHB Salvador Salas
|
0-0: Ball 1-0: Fly out, F4 (Popup, 4D)
|
Top of the 2nd over - 0 run(s), 1 hit(s), 0 error(s), 1 left on base; Vista 0 - Kalamazoo 1 |
BOTTOM OF THE 2ND |
Kalamazoo Royale with Cheese batting - Pitching for Vista Panthers : RHP Dale Reese
|
Batting: RHB Jorge Márquez
|
0-0: Ball 1-0: Swinging Strike 1-1: Called Strike 1-2: Ball 2-2: Ball 3-2: Base on Balls
|
Batting: LHB William Ruffo
|
0-0: Ball 1-0: SINGLE (Line Drive, 56) Jorge Márquez to second
|
Batting: RHB Andy Aiton
|
0-0: Ball 1-0: Ball 2-0: Ball 3-0: SINGLE (Groundball, 34D) Jorge Márquez to third William Ruffo to second Runner from 3rd tries for Home, SAFE, throw made home
|
Batting: LHB David Richardson
|
0-0: Called Strike 0-1: Ball 1-1: Ball 2-1: Ball 3-1: Swinging Strike 3-2: Strikes out looking
|
Batting: RHB Miguel Encarnación
|
0-0: Called Strike 0-1: Swinging Strike 0-2: Foul Ball, location: 2F 0-2: Ball 1-2: Strikes out looking
|
Batting: LHB Al Mills
|
0-0: Foul Ball, location: 2F 0-1: Fly out, F7 (Flyball, 7S)
|
Bottom of the 2nd over - 1 run(s), 2 hit(s), 0 error(s), 2 left on base; Vista 0 - Kalamazoo 2 |
TOP OF THE 3RD |
Vista Panthers batting - Pitching for Kalamazoo Royale with Cheese : RHP Enrique Aguilera
|
Batting: RHB Justin Burgess
|
0-0: Called Strike 0-1: Ball 1-1: Foul Ball, location: 2F 1-2: Ground out 4-3 (Groundball, 4)
|
Batting: LHB Brent Alonzo
|
0-0: Fly out, F9 (Line Drive, 9LM)
|
Batting: RHB Alfredo López
|
0-0: Called Strike 0-1: Foul Ball, location: 2F 0-2: Fly out, F4 (Popup, 34)
|
Top of the 3rd over - 0 run(s), 0 hit(s), 0 error(s), 0 left on base; Vista 0 - Kalamazoo 2 |
BOTTOM OF THE 3RD |
Kalamazoo Royale with Cheese batting - Pitching for Vista Panthers : RHP Dale Reese
|
Batting: LHB Bill McJannett
|
0-0: Foul Ball, location: 2F 0-1: Foul Ball, location: 2F 0-2: Fly out, F7 (Flyball, 7S)
|
Batting: RHB Run-ming Zhu
|
0-0: Called Strike 0-1: Foul Ball, location: 2F 0-2: Ground out U3 (Groundball, 34)
|
Batting: LHB Robinson Fernández
|
0-0: Ball 1-0: Swinging Strike 1-1: Fly out, F8 (Flyball, 8LM)
|
Bottom of the 3rd over - 0 run(s), 0 hit(s), 0 error(s), 0 left on base; Vista 0 - Kalamazoo 2 |
TOP OF THE 4TH |
Vista Panthers batting - Pitching for Kalamazoo Royale with Cheese : RHP Enrique Aguilera
|
Batting: SHB Mark Wells
|
0-0: Swinging Strike 0-1: Ball 1-1: Called Strike 1-2: Ball 2-2: Strikes out swinging
|
Batting: RHB John Mendelson
|
0-0: Foul Ball, location: 2F 0-1: Ball 1-1: Swinging Strike 1-2: Ball 2-2: Ball 3-2: Ground out 5-3 (Groundball, 56S)
|
Batting: RHB Cisco Gatán
|
0-0: Ball 1-0: Ball 2-0: Called Strike 2-1: Swinging Strike 2-2: Strikes out swinging
|
Top of the 4th over - 0 run(s), 0 hit(s), 0 error(s), 0 left on base; Vista 0 - Kalamazoo 2 |
BOTTOM OF THE 4TH |
Kalamazoo Royale with Cheese batting - Pitching for Vista Panthers : RHP Dale Reese
|
Batting: RHB Jorge Márquez
|
0-0: Called Strike 0-1: Bunt for hit - play at first, batter OUT! 3-4
|
Batting: LHB William Ruffo
|
0-0: Foul Ball, location: 2F 0-1: SINGLE (Line Drive, 56D)
|
Batting: RHB Andy Aiton
|
0-0: DOUBLE (Line Drive, 8RD) William Ruffo to third
|
Batting: LHB David Richardson
|
0-0: Ball 1-0: Ball 2-0: Ball 3-0: Called Strike 3-1: Called Strike 3-2: Base on Balls
|
Batting: RHB Miguel Encarnación
|
0-0: GRAND SLAM HOME RUN (Flyball, 7D), Distance : 377 ft
|
Pitching: LHP Mario Tobías
|
|
Batting: LHB Al Mills
|
0-0: Swinging Strike 0-1: Ball 1-1: Fly out, F9 (Flyball, 9LM)
|
Batting: LHB Bill McJannett
|
0-0: Ground out 3-1 (Groundball, 34)
|
Bottom of the 4th over - 4 run(s), 3 hit(s), 0 error(s), 0 left on base; Vista 0 - Kalamazoo 6 |
TOP OF THE 5TH |
Vista Panthers batting - Pitching for Kalamazoo Royale with Cheese : RHP Enrique Aguilera
|
Pitching: LHP Pierre Dumont
|
|
Batting: LHB Patrick Osborne
|
0-0: Foul Ball, location: 2F 0-1: Ball 1-1: Ground out 4-3 (Groundball, 4)
|
Batting: RHB Luis Martínez
|
0-0: Ball 1-0: SOLO HOME RUN (Flyball, 7LD), Distance : 352 ft
|
Batting: RHB Salvador Salas
|
0-0: Called Strike 0-1: Ball 1-1: Ball 2-1: Swinging Strike 2-2: Fly out, F8 (Flyball, 8LD)
|
Batting: RHB Justin Burgess
|
0-0: Called Strike 0-1: Foul Ball, location: 2F 0-2: Ball 1-2: Ball 2-2: SINGLE (Groundball, 34D)
|
Batting: LHB Brent Alonzo
|
0-0: Called Strike 0-1: Fly out, F7 (Flyball, 7)
|
Top of the 5th over - 1 run(s), 2 hit(s), 0 error(s), 1 left on base; Vista 1 - Kalamazoo 6 |
BOTTOM OF THE 5TH |
Kalamazoo Royale with Cheese batting - Pitching for Vista Panthers : LHP Mario Tobías
|
Batting: RHB Run-ming Zhu
|
0-0: Reached on error, E6 (Groundball, 6)
|
Batting: LHB Robinson Fernández
|
0-0: Foul Ball, location: 2F 0-1: Swinging Strike 0-2: Ball 1-2: Fly out, F7 (Flyball, 7S)
|
Batting: RHB Jorge Márquez
|
0-0: Ball 1-0: TRIPLE (Flyball, 78D) Run-ming Zhu scores
|
Batting: LHB William Ruffo
|
0-0: Called Strike 0-1: Called Strike 0-2: Ball 1-2: Foul Ball, location: 2F 1-2: Strikes out swinging
|
Batting: RHB Andy Aiton
|
0-0: Called Strike 0-1: Ball 1-1: DOUBLE (Line Drive, 78M) Jorge Márquez scores
|
Pinch Hitting: RHB Arturo Rodríguez
|
0-0: Ball 1-0: Foul Ball, location: 2F 1-1: Foul Ball, location: 2F 1-2: Fly out, F7 (Line Drive, 7D)
|
Bottom of the 5th over - 2 run(s), 2 hit(s), 1 error(s), 1 left on base; Vista 1 - Kalamazoo 8 |
TOP OF THE 6TH |
Vista Panthers batting - Pitching for Kalamazoo Royale with Cheese : LHP Pierre Dumont
|
Now in RF: Arturo Rodríguez
|
|
Batting: RHB Alfredo López
|
0-0: Ground out 4-3 (Groundball, 34D)
|
Batting: SHB Mark Wells
|
0-0: Called Strike 0-1: Foul Ball, location: 2F 0-2: Ball 1-2: Strikes out swinging
|
Batting: RHB John Mendelson
|
0-0: Swinging Strike 0-1: Ball 1-1: SOLO HOME RUN (Flyball, 8LXD), Distance : 433 ft
|
Batting: RHB Cisco Gatán
|
0-0: Swinging Strike 0-1: Ball 1-1: Ball 2-1: Fly out, F8 (Flyball, 8RM)
|
Top of the 6th over - 1 run(s), 1 hit(s), 0 error(s), 0 left on base; Vista 2 - Kalamazoo 8 |
BOTTOM OF THE 6TH |
Kalamazoo Royale with Cheese batting - Pitching for Vista Panthers : LHP Mario Tobías
|
Pinch Hitting: RHB Pedro Rosado
|
0-0: Ball 1-0: Ground out 6-3 (Groundball, 6)
|
Pinch Hitting: LHB Cristóbal Cintrón
|
0-0: Ball 1-0: Ball 2-0: Called Strike 2-1: Ball 3-1: Base on Balls
|
Pinch Hitting: RHB Jonathan MacVey
|
0-0: Foul Ball, location: 2F 0-1: Ball 1-1: Foul Ball, location: 2F 1-2: Ball 2-2: SINGLE (Flyball, 7LS) Cristóbal Cintrón to second
|
Batting: RHB Run-ming Zhu
|
0-0: Fly out, F8 (Flyball, 8LM)
|
Batting: RHB Oliver Lugo
|
0-0: Ball 1-0: Called Strike 1-1: Ball 2-1: Swinging Strike 2-2: Ball Wild Pitch! Cristóbal Cintrón to third Jonathan MacVey to second 3-2: Ground out 1-3 (Groundball, 13S)
|
Bottom of the 6th over - 0 run(s), 1 hit(s), 0 error(s), 2 left on base; Vista 2 - Kalamazoo 8 |
BOTTOM OF THE 7TH |
Kalamazoo Royale with Cheese batting - Pitching for Vista Panthers : LHP Mario Tobías
|
Pinch Hitting: SHB Jack Fountain
|
0-0: Foul Ball, location: 2F 0-1: Ball 1-1: Foul Ball, location: 2F 1-2: Fly out, F7 (Line Drive, 7D)
|
Pinch Hitting: RHB Barney Lawson
|
0-0: Ball 1-0: SOLO HOME RUN (Line Drive, 7LD), Distance : 369 ft
|
Pitching: LHP Xavier Velázquez
|
|
Pinch Hitting: RHB Dallas Blair
|
0-0: Called Strike 0-1: Foul Ball, location: 2F 0-2: Fly out, F8 (Flyball, 8RS)
|
Batting: RHB Arturo Rodríguez
|
0-0: Ball 1-0: Ground out U3 (Groundball, 34S)
|
Bottom of the 7th over - 1 run(s), 1 hit(s), 0 error(s), 0 left on base; Vista 2 - Kalamazoo 9 |
TOP OF THE 8TH |
Vista Panthers batting - Pitching for Kalamazoo Royale with Cheese : LHP Pierre Dumont
|
Now at 2B: Barney Lawson
|
|
Now at SS: Carlos Carrillo
|
|
Now in CF: Jack Fountain
|
|
Pinch Hitting: RHB Phil Matthews
|
0-0: Ball 1-0: Ball 2-0: Ball 3-0: Base on Balls
|
Pitching: RHP Rikiya Sakurai
|
|
Pinch Hitting: LHB Donovan Bird
|
0-0: TRIPLE (Flyball, 8RXD) Phil Matthews scores
|
Batting: LHB Bob Cunningham
|
0-0: Fly out, F9 (Line Drive, 9) Runner from 3rd tags up, SCORES, throw made
|
Pinch Hitting: RHB Griswold Coleman
|
0-0: Ball 1-0: Called Strike 1-1: Swinging Strike 1-2: Foul Ball, location: 2F 1-2: Strikes out swinging
|
Batting: RHB Cisco Gatán
|
0-0: Ball 1-0: Ball 2-0: Called Strike 2-1: Called Strike 2-2: Ball 3-2: Base on Balls
|
Pinch Hitting: LHB Ray Bryant
|
0-0: Swinging Strike 0-1: Swinging Strike 0-2: Ball 1-2: Foul Ball, location: 2F 1-2: Fly out, F8 (Flyball, 8LS)
|
Top of the 8th over - 2 run(s), 1 hit(s), 0 error(s), 1 left on base; Vista 4 - Kalamazoo 9 |
BOTTOM OF THE 8TH |
Kalamazoo Royale with Cheese batting - Pitching for Vista Panthers : LHP Xavier Velázquez
|
Now at 2B: Griswold Coleman
|
|
Now in LF: Phil Matthews
|
|
Now in CF: Ray Bryant
|
|
Now in RF: Donovan Bird
|
|
Batting: RHB Pedro Rosado
|
0-0: Ball 1-0: Ball 2-0: Ball 3-0: Base on Balls
|
Batting: LHB Roberto Sandoval
|
0-0: Ball 1-0: Ball 2-0: Fly out, F7 (Flyball, 78S)
|
Batting: RHB Jonathan MacVey
|
0-0: Ball 1-0: Ball 2-0: Ball 3-0: Base on Balls Pedro Rosado to second
|
Batting: RHB Run-ming Zhu
|
0-0: Foul Ball, location: 2F 0-1: Ball 1-1: Called Strike 1-2: Ball 2-2: Ball 3-2: Base on Balls Pedro Rosado to third Jonathan MacVey to second
|
Batting: RHB Oliver Lugo
|
0-0: Ball 1-0: Foul Ball, location: 2F 1-1: Ground out 5-3 (Groundball, 56S) Pedro Rosado scores Jonathan MacVey to third Run-ming Zhu to second
|
Batting: SHB Jack Fountain
|
0-0: Ball 1-0: Foul Ball, location: 2F 1-1: Ball 2-1: Foul Ball, location: 2F 2-2: Foul Ball, location: 2F 2-2: Foul Ball, location: 2F 2-2: Foul Ball, location: 2F 2-2: Fly out, F8 (Line Drive, 8RS)
|
Bottom of the 8th over - 1 run(s), 0 hit(s), 0 error(s), 2 left on base; Vista 4 - Kalamazoo 10 |
TOP OF THE 9TH |
Vista Panthers batting - Pitching for Kalamazoo Royale with Cheese : RHP Rikiya Sakurai
|
Pinch Hitting: LHB Francisco Marino
|
0-0: Called Strike 0-1: Foul Ball, location: 2F 0-2: Ball 1-2: Strikes out swinging, 2-3 out at first.
|
Pinch Hitting: RHB Pablo Peña
|
0-0: SINGLE (Groundball, 34D)
|
Pinch Hitting: RHB Bonifacio Torres
|
0-0: Ball 1-0: Called Strike 1-1: Grounds into double play, 5-4-3 (Groundball, 56)
|
Top of the 9th over - 0 run(s), 1 hit(s), 0 error(s), 0 left on base; Vista 4 - Kalamazoo 10 |
|